 Dungeon Crawl Stone Soup version 0.30-a0-263-ge22c4ad894 (webtiles) character file.

Game seed: 10395392173119547770

156 Anon1729 the Trooper (level 5, -5/42 HPs)
             Began as a Mummy Monk on Oct 14, 2022.
             Was a Priest of Nemelex Xobeh.
             Slain by Pikel
             ... wielding a +2 whip of freezing
              (8 damage)
             ... on level 4 of the Dungeon.
             The game lasted 00:03:59 (3508 turns).

Anon1729 the Trooper (Mummy Monk)                   Turns: 3508, Time: 00:04:00

Health: -5/42      AC:  5    Str: 17    XL:     5   Next: 15%
Magic:  5/5        EV: 11    Int: 15    God:    Nemelex Xobeh [***...]
Gold:   181        SH:  0    Dex: 14    Spells: 4/4 levels left

rFire   x . .      SeeInvis .    a - +0 spear
rCold   + . .      Faith    +    (no shield)
rNeg    + + +      Spirit   .    j - +0 ring mail
rPois   ∞          Reflect  .    (no helmet)
rElec   .          Harm     .    (no cloak)
rCorr   .          Rampage  .    (no gloves)
Will    .....                    (no boots)
Stlth   +.........               (no amulet)
HPRegen 0.27/turn                e - +6 ring of intelligence
MPRegen 0.09/turn                (no ring)

@: no status effects
A: cold resistance 1, negative energy resistance 3, torment resistance 2, heat
vulnerability 1, in touch with death 1, no potions, faith
a: Renounce Religion, Draw Escape, Draw Destruction, Draw Summoning, Triple Draw


You were on level 4 of the Dungeon.
You worshipped Nemelex Xobeh.
Nemelex Xobeh was most pleased with you.
You visited 1 branch of the dungeon, and saw 4 of its levels.

You collected 181 gold pieces.

Inventory:

Hand Weapons
 a - a +0 spear (weapon)
Armour
 b - a +0 robe
 j - a +0 ring mail (worn)
Jewellery
 e - a +6 ring of intelligence (left hand)
Wands
 n - a wand of paralysis (2)
Scrolls
 c - a scroll of silence {unknown}
 d - 5 scrolls of identify {unknown}
 f - a scroll of noise {unknown}
 g - 3 scrolls of blinking {unknown}
 h - 3 scrolls of summoning {unknown}
 i - a scroll of poison {unknown}
 k - a scroll of acquirement {unknown}
 l - a scroll of magic mapping {unknown}
 m - a scroll of teleportation {unknown}


   Skills:
 + Level 3.8 Fighting
 - Level 2.4(2.7) Polearms
 + Level 1.6(2.3) Staves
 + Level 0.8 Armour
 - Level 3.0 Dodging
 - Level 2.5 Stealth
 * Level 1.1 Invocations


You had 4 spell levels left.
You didn't know any spells.
Your spell library contained the following spells:

 Spells                   Type           Power      Damage    Failure   Level
 Magic Dart               Conj           0%         1d3       45%         1
 Searing Ray              Conj           0%         2d4       58%         2
 Gell's Gravitas          Tloc           0%         N/A       83%         3
 Lesser Beckoning         Tloc           0%         N/A       83%         3
 Teleport Other           Tloc           0%         N/A       83%         3
 Fulminant Prism          Conj/Hex       0%         3d6       99%         4


Dungeon Overview and Level Annotations

Branches:
Dungeon (4/15)
 Temple: D:4-7

Altars:
Nemelex Xobeh
Sif Muna

Annotations:
D:4 Pikel


Innate Abilities, Weirdness & Mutations

You are immune to poison.
Your flesh is cold resistant. (rC+)
You are immune to negative energy. (rN+++)
You are immune to unholy pain and torment.
You are vulnerable to heat. (rF-)
You are in touch with the powers of death.
You do not drink.
You have a special connection with the divine. (Faith)


Message History

Pikel is severely wounded.
Pikel hits you with a +2 whip of freezing.
You hit Pikel but do no damage.
Pikel is severely wounded.
Pikel closely misses you.
You hit Pikel.
Pikel is severely wounded.
Pikel hits you with a +2 whip of freezing.
Pikel freezes you.
You hit Pikel but do no damage.
Pikel is severely wounded.
Pikel hits you with a +2 whip of freezing!
You are too injured to fight recklessly!
You are too injured to fight recklessly!
You are too injured to fight recklessly!
You are too injured to fight recklessly!
Okay, then.
Okay, then.
You draw a card...
You have drawn Pain.
Press: ? - help, Shift-Dir - straight line, f/p - Pikel
Aim: Pikel, wielding a +2 whip of freezing and wearing a +0 robe (severely wounded) Pikel convulses!
Pikel hits you with a +2 whip of freezing.
* * * LOW HITPOINT WARNING * * *
You draw a card...
You have drawn Wild Magic.
Pikel is blasted with searing flames.
You feel a surge of magic.
Pikel hits you with a +2 whip of freezing!
* * * LOW HITPOINT WARNING * * *
Pikel freezes you.
* * * LOW HITPOINT WARNING * * *
Okay, then.
You draw a card...
You have drawn Pain.
Press: ? - help, Shift-Dir - straight line, f/p - Pikel
Aim: Pikel, wielding a +2 whip of freezing and wearing a +0 robe (almost dead) Pikel barely resists.
Pikel hits you with a +2 whip of freezing!
You die...
Your body disappears without a glow.

##### .# .... #
.. . ..# .#. #.
#K# #.#.#
##.###@# #....
....#†#
#.#.####.#.#.#
........#.#.#
######...#......#
#.............#.#
#.####..####.##.#
#....÷...<....#.#
###############.#


You could see Pikel.

Vanquished Creatures
  3 lemures (D:3)
  An orc wizard (D:3)
  4 adders
  4 dart slugs
  8 orcs
  8 bats
  2 endoplasms
  4 giant cockroaches
  5 goblins
  6 hobgoblins
  9 jackals
  2 quokkas (D:2)
  9 ball pythons
  4 frilled lizards
  6 kobolds
  4 rats
79 creatures vanquished.

Notes
Turn   | Place    | Note
-------+----------+-------------------------------------------
     0 | D:1      | Anon1729 the Mummy Monk began the quest for the Orb.
     0 | D:1      | Reached XP level 1. HP: 18/18 MP: 1/1
   118 | D:1      | Reached XP level 2. HP: 24/24 MP: 2/2
   574 | D:1      | Gained mutation: You are in touch with the powers of death.
                  | [Mummy growth]
   574 | D:1      | Reached XP level 3. HP: 29/29 MP: 3/3
   577 | D:1      | Reached skill level 1 in Staves
  1502 | D:2      | Reached XP level 4. HP: 35/35 MP: 4/4
  1659 | D:2      | Found a shimmering blue altar of Sif Muna.
  1881 | D:2      | Found a faded altar of an unknown god.
  2333 | D:2      | Prayed at the altar of an unknown god.
  2333 | D:2      | Became a worshipper of Nemelex Xobeh the Trickster
  2333 | D:2      | Reached * piety under Nemelex Xobeh
  2333 | D:2      | Received a gift from Nemelex Xobeh
  2333 | D:2      | Reached ** piety under Nemelex Xobeh
  2711 | D:3      | Reached XP level 5. HP: 32/42 MP: 5/5
  2760 | D:3      | Reached *** piety under Nemelex Xobeh
  2787 | D:3      | Reached skill level 1 in Invocations
  2794 | D:3      | Paralysed by a hobgoblin for 4 turns
  2816 | D:3      | Found a shimmering blue altar of Sif Muna.
  2938 | D:3      | Received a gift from Nemelex Xobeh
  3106 | D:4      | Noticed a lemure
  3136 | D:3      | Killed a lemure
  3249 | D:4      | Noticed a lemure
  3249 | D:4      | Noticed a lemure
  3277 | D:3      | Killed a lemure
  3361 | D:3      | Killed a lemure
  3483 | D:4      | Noticed Pikel
  3508 | D:4      | Slain by Pikel

Illustrated notes

Levels and vault maps discovered:
D:1:      dpeg_arrival_radiant, layout_loops_cross
D:2:      minmay_chambers_of_ones, layout_basic, basic_altar,
          hellmonk_ecumenical_altar_defaced_shrine
D:3:      layout_basic, lemuel_blue_sif_altar
D:4:      layout_basic, uniq_natasha, uniq_pikel

Skill      XL: |  1  2  3  4  5 |
---------------+----------------+-----
Stealth        | 2 |  2.5
Staves         | 1 |  1.6
Dodging        | 3 |  3.0
Invocations    | 1 |  1.1
Fighting       | |  3.8
Polearms       | |  2.4
Armour         | |  0.8

Action                   |  1- 3 |  4- 6 || total
-------------------------+-------+-------++-------
Melee: Spear             |   174 |   225 ||   399
       Punch             |     1 |     1 ||     2
Invok: Draw Destruction  |       |     5 ||     5
Evoke: Wand              |       |     2 ||     2
 Stab: Sleeping          |     8 |     2 ||    10
       Paralysed         |       |    20 ||    20
Armor: Robe              |    19 |    11 ||    30
       Ring mail         |       |    30 ||    30
Dodge: Dodged            |    92 |   120 ||   212

Table legend: (Time is in decaauts)
 A = Elapsed time spent in this place.
 B = Non-inter-level travel time spent in this place.
 C = Inter-level travel time spent in this place.
 D = Time resting spent in this place.
 E = Time spent auto-exploring this place.
 F = Levels seen in this place.
 G = Mean time per level.
                   A        B        C        D        E       F      G
               +--------+--------+--------+--------+--------+-----+--------+
         Total |   3498 |   3264 |    234 |    472 |   2115 |   4 |  874.5 |
       Dungeon |   3498 |   3264 |    234 |    472 |   2115 |   4 |  874.5 |
               +--------+--------+--------+--------+--------+-----+--------+

Top non-repeatable levels by time:
     D:3: 1466 daAuts
     D:2: 1125 daAuts
     D:1: 840 daAuts
     D:4: 65 daAuts
